[Event "*** SCC Grand Prix: Titled Tuesday Blitz"]
[Site "Chess.com"]
[Date "2020.06.23"]
[Round "4"]
[White "nekotyanof"]
[Black "chesslh19"]
[Result "1/2-1/2"]
[WhiteElo "2331"]
[BlackElo "2118"]
[TimeControl "180+1"]
[EndTime "10:39:23 PDT"]
[Termination "Game drawn by repetition"]

1. e4 c5 2. Nf3 d6 3. Bb5+ Bd7 4. c4 Nf6 5. Nc3 Nc6 6. d4 cxd4 7. Nxd4 e6 8. O-O Be7 9. Be3 O-O 10. f3 a6 11.
Ba4 Nxd4 12. Bxd4 Bxa4 13. Qxa4 Qd7 14. Rac1 Qxa4 15. Nxa4 Nd7 16. Rfd1 b5 17. cxb5 axb5 18. Nc3 Rab8 19. b4 Ne5 20. Bxe5 dxe5 21. Rd7 Bxb4 22.
Ne2 Rfc8 23. Rxc8+ Rxc8 24. Rb7 Bc5+ 25. Kf1 b4 26.
Nc1 h5 27. Nd3 Bd6 28. Nxb4 Bxb4 29. Rxb4 Rc1+ 30. Kf2 Rc2+ 31. Kg3 Rxa2 32. Rb5 f6 33. h4 Kf7 34. Kh3 Rc2 35. Rb7+ Kg6 36. g4 hxg4+ 37. Kxg4 Rg2+ 38. Kh3 Rd2 39. Re7 Rd6 40. Kg3 Ra6 41. Kg4 f5+ 42. Kg3 Kf6 43. Re8 Ra3 44. Kg2 fxe4 45.
fxe4 Re3 46. Rf8+ Ke7 47. Rg8 Kf7 48. Ra8 Rxe4 49. Kg3 Rd4 50. h5 Kf6 51. Rf8+ Ke7 52. Rf2 Rd8 53. Kg4 Rd4+ 54. Kg5 Rd1 55. Rg2 Kf7 56.
Rf2+ Kg8 57. Rg2 Rf1 58. Kg6 Rf6+ 59. Kg5 Rf5+ 60. Kg6 Rf6+ 61. Kg5 Rf3 62. Re2 Rf5+ 63. Kg6 Rf6+ 64. Kg5 Rf1 65. Rxe5 Kf7 66. Ra5 Rg1+ 67.
Kh4 Kf6 68. Ra2 e5 69. Rf2+ Ke6 70. Rf8 e4 71. Rg8 Ke5 72. Kh3 e3 73. h6 Rh1+ 74. Kg2 Rxh6 75. Rxg7 Kd4 76. Rd7+ Kc3 77. Kf1 Rh2 78. Ke1 e2 79. Rc7+ Kd3 80. Rd7+ Kc3 81.
Rc7+ Kd3 82. Rd7+ Kc3 1/2-1/2

[Event "*** SCC Grand Prix: Titled Tuesday Blitz"]
[Site "Chess.com"]
[Date "2020.06.23"]
[Round "4"]
[White "Antipov_Mikhail_Al"]
[Black "Micki-taryan"]
[Result "0-1"]
[WhiteElo "2807"]
[BlackElo "3027"]
[TimeControl "180+1"]
[EndTime "10:39:24 PDT"]
[Termination "Micki-taryan won on time"]

1. e4 e5 2. Nf3 Nc6 3. Bc4 Bc5 4. d3 Nf6 5. O-O O-O 6. h3 h6 7. Nbd2 a5 8. Re1 d6 9. c3 Be6 10. Bb5 Nd7 11. Nc4 Nb6 12. Nxb6 Bxb6 13. d4 Bd7 14.
Bxc6 Bxc6 15. dxe5 Re8 16. exd6 Rxe4 17. Rxe4 Bxe4 18. Bf4 Qf6 19. Bg3 cxd6 20. Qxd6 Qxd6 21. Bxd6 Rd8 22. Bf4 g5 23. Be3 Bxe3 24. fxe3 Bxf3 25.
gxf3 Rd2 26. Rb1 Kg7 27. a4 Re2 28. e4 b6 29. b4 Ra2 30. bxa5 bxa5 31. Rb5 Rxa4 32. Kf2 Ra1 33. Kg3 a4 34. Ra5 a3 35. h4 gxh4+ 36. Kg2 Kf6 37. c4 Ke6 38. c5 Kd7 39. Ra6 Kc7 40. c6 f6 0-1

[Event "*** SCC Grand Prix: Titled Tuesday Blitz"]
[Site "Chess.com"]
[Date "2020.06.23"]
[Round "4"]
[White "Baby_Legs"]
[Black "MathiasWomacka"]
[Result "1/2-1/2"]
[WhiteElo "2617"]
[BlackElo "2422"]
[TimeControl "180+1"]
[EndTime "10:39:24 PDT"]
[Termination "Game drawn by repetition"]

1. d4 Nf6 2. c4 e6 3. Nc3 Bb4 4. Qc2 c5 5. dxc5 O-O 6. g3 Na6 7. Bg2 Nxc5 8. Nh3 d5 9. cxd5 Nxd5 10. O-O Bxc3 11. bxc3 Bd7 12. Ng5 Nf6 13. Rd1 h6 14. Nf3 Ba4 15. Rxd8 Bxc2 16. Rxa8 Rxa8 17. Ba3 Rc8 18.
Nd4 Be4 19. f3 Bd5 20. Nb5 a6 21. Nd6 Rc6 22. c4 Rxd6 23. Bxc5 Rc6 24. cxd5 Rxc5 25.
dxe6 fxe6 26. f4 b5 27. Rd1 Rc2 28. Rd6 Rxe2 29. Rxa6 Ng4 30. Bf3 Re1+ 31. Kg2 Nf6 32. Kf2 Rb1 33. Rxe6 Rb2+ 34. Re2 Rb1 35. Rd2 Kf7 36.
Kg2 g5 37. fxg5 hxg5 38. Bd1 Ne4 39. Rd4 Rb2+ 40. Kf3 Nc3 41. Bb3+ Kf6 42. Rd6+ Ke5 43. Re6+ Kd4 44. h3 Nxa2 45. Re4+ Kd3 46. Re3+ Kd4 47. Re4+ Kd3 48. Re3+ Kd4 49. Re4+ 1/2-1/2

[Event "*** SCC Grand Prix: Titled Tuesday Blitz"]
[Site "Chess.com"]
[Date "2020.06.23"]
[Round "4"]
[White "NotFischer"]
[Black "ajian"]
[Result "0-1"]
[WhiteElo "2201"]
[BlackElo "2406"]
[TimeControl "180+1"]
[EndTime "10:39:24 PDT"]
[Termination "ajian won by checkmate"]

1. e4 c5 2. Nf3 Nc6 3. d4 cxd4 4. Nxd4 Nf6 5. Nc3 e5 6. Ndb5 d6 7. Bg5 a6 8. Bxf6 gxf6 9. Na3 b5 10. Nd5 f5 11. c3 Bg7 12. exf5 Bxf5 13. Qf3 Be6 14. Bd3 O-O 15. O-O f5 16. Nf4 exf4 17. Qxc6 Be5 18.
Rad1 Qf6 19. Nc2 Bxa2 20. Ra1 Be6 21. Rxa6 Rxa6 22. Qxa6 f3 23. g3 f4 24. Qb7 Rf7 25. Qxf3 Qh6 26. Ra1 fxg3 27. Ra8+ Kg7 28. Qg2 Rxf2 29. Ra7+ Bf7 30. Rxf7+ Kxf7 31. Qd5+ Kf6 32.
h4 Qxh4 33. Ne1 Qh2# 0-1

[Event "*** SCC Grand Prix: Titled Tuesday Blitz"]
[Site "Chess.com"]
[Date "2020.06.23"]
[Round "4"]
[White "ChessNetwork"]
[Black "metalbattler"]
[Result "1-0"]
[WhiteElo "2634"]
[BlackElo "2054"]
[TimeControl "180+1"]
[EndTime "10:39:25 PDT"]
[Termination "ChessNetwork won by resignation"]

1. d4 d5 2. c4 c6 3. Nf3 Nf6 4.
Nc3 e6 5. Bg5 h6 6. Bh4 dxc4 7.
e4 g5 8. Bg3 b5 9. e5 Nd5 10. h4 Bb4 11. Qc2 g4 12. Nd2 Qa5 13.
Rc1 Nd7 14. Nde4 Bb7 15. Be2 O-O-O 16. O-O Be7 17. Rfd1 c5 18. dxc5 Nxc5 19. Nxc5 Bxc5 20. Ne4 Be7 21. a4 a6 22. axb5 axb5 23. Nd6+ Bxd6 24.
exd6 f5 25. Be5 Rhg8 26. b3 c3 27. b4 Qxb4 28. Bxc3 Nxc3 29. Rd3 Kb8 30. Rxc3 Rc8 31. Rc7 Qe4 32. Qxe4 Bxe4 33. Bxb5 Rxc7 34. dxc7+ Kb7 35. Bd7 Rd8 36. cxd8=Q 1-0

[Event "*** SCC Grand Prix: Titled Tuesday Blitz"]
[Site "Chess.com"]
[Date "2020.06.23"]
[Round "4"]
[White "Richarzard69"]
[Black "Zq1"]
[Result "0-1"]
[WhiteElo "2279"]
[BlackElo "2508"]
[TimeControl "180+1"]
[EndTime "10:39:26 PDT"]
[Termination "Zq1 won by checkmate"]

1. Nf3 Nf6 2. c4 c5 3. Nc3 b6 4.
g3 Bb7 5. Bg2 g6 6. O-O Bg7 7.
d4 cxd4 8. Qxd4 d6 9. Rd1 Nbd7 10.
Qh4 h6 11. g4 Rc8 12. Nd2 Bxg2 13. Kxg2 g5 14. Qg3 h5 15. h3 hxg4 16. hxg4 Ne5 17.
f3 Qd7 18. Nde4 Nxe4 19. Nxe4 Nxc4 20. Bxg5 Be5 21. Bf4 Ne3+ 22. Kf2 Bxf4 23. Qxf4 Nxd1+ 24. Rxd1 Qe6 25. Ng5 Qg6 26. Qa4+ Kf8 27. Qd7 Rc2 28. Qd8+ Kg7 29. Qxe7 Rh2+ 30. Kg1 Rcxe2 31. Qxd6 Qxg5 32. Qd4+ Qf6 33. Qd3 Reg2+ 34. Kf1 Rxb2 35. Kg1 Rbg2+ 36. Kf1 Rg3 37. Qe4 Qxf3+ 38. Qxf3 Rxf3+ 39. Kg1 Rxa2 40. Rd5 Rb3 41. Rd1 Rbb2 42. Rf1 Rg2+ 43. Kh1 Rh2+ 44.
Kg1 Rag2# 0-1

[Event "*** SCC Grand Prix: Titled Tuesday Blitz"]
[Site "Chess.com"]
[Date "2020.06.23"]
[Round "4"]
[White "volcanoexplorer"]
[Black "Belka1989"]
[Result "1-0"]
[WhiteElo "2601"]
[BlackElo "2347"]
[TimeControl "180+1"]
[EndTime "10:39:26 PDT"]
[Termination "volcanoexplorer won by resignation"]

1. e4 c5 2. Nf3 d6 3. d4 cxd4 4. Nxd4 Nf6 5. Nc3 a6 6. h3 e5 7.
Nde2 h5 8. g3 Be7 9. Bg2 Be6 10.
Be3 Nbd7 11. a4 Rc8 12. O-O O-O 13. b3 h4 14. f4 exf4 15. gxf4 Nc5 16. f5 Bd7 17. b4 Ncxe4 18. Nxe4 Nxe4 19. Bxe4 Bf6 20. Ra3 Re8 21. Bxb7 Rb8 22. Bg2 Rxb4 23. Qxd6 Rb2 24. Rd3 Rxc2 25. Qxd7 Qxd7 26. Rxd7 Rxe3 27. Nf4 Be5 28.
Nd3 Bf6 29. Rf2 Ree2 30. Rxe2 Rxe2 31. Bd5 Kh7 32. Bxf7 Kh6 33. Be6 Kg5 34. Kf1 Rc2 35. Nf2 Kf4 36. Rd3 Rb2 37. Kg2 Rc2 38. Rf3+ Ke5 39.
Kf1 Rb2 40. Nd3+ 1-0

[Event "*** SCC Grand Prix: Titled Tuesday Blitz"]
[Site "Chess.com"]
[Date "2020.06.23"]
[Round "4"]
[White "AsaHoffmann"]
[Black "FMOlexandrProhorov"]
[Result "0-1"]
[WhiteElo "2315"]
[BlackElo "2110"]
[TimeControl "180+1"]
[EndTime "10:39:27 PDT"]
[Termination "FMOlexandrProhorov won by checkmate"]

1. d4 g6 2. e4 c6 3. Be3 Bg7 4. Qd2 d5 5. Nc3 dxe4 6. Nxe4 Nd7 7. Bc4 Ngf6 8. Ng3 O-O 9. Nf3 b5 10. Bb3 Nb6 11. Bh6 Nbd5 12. O-O-O a5 13. Ne5 Qc7 14. a4 Rb8 15. h4 c5 16. Bxg7 Kxg7 17. dxc5 Qxe5 18.
Rhe1 Qf4 19. axb5 Be6 20. h5 Qxd2+ 21. Rxd2 Rxb5 22. c6 Rc5 23. f4 Rxc6 24. f5 gxf5 25. c3 Rb8 26. Bc2 f4 27. Nf5+ Bxf5 28. Bxf5 e6 29.
Bc2 Ng4 30. Rf1 Nge3 31. Rf3 Nc4 32. Rd4 Nxb2 33. h6+ Kf8 34. Bxh7 Nxc3 35. Kd2 Nb1+ 36. Ke1 e5 37. Rd5 Rc1+ 38. Kf2 a4 39. Rxe5 a3 40.
Rxf4 a2 41. Ref5 Nd3+ 42. Kg3 Nxf4 43. Rxf4 a1=Q 44. Be4 Qe5 45. h7 Qg5+ 46. Rg4 Rb3+ 47. Kf2 Qd2# 0-1

[Event "*** SCC Grand Prix: Titled Tuesday Blitz"]
[Site "Chess.com"]
[Date "2020.06.23"]
[Round "4"]
[White "Kezin_Roman"]
[Black "wonderfultime"]
[Result "1-0"]
[WhiteElo "2797"]
[BlackElo "2959"]
[TimeControl "180+1"]
[EndTime "10:39:28 PDT"]
[Termination "Kezin_Roman won on time"]

1. d4 d5 2. c4 c6 3. Nc3 Nf6 4. e3 a6 5. Qc2 e6 6. Nf3 c5 7. b3 Nc6 8. Bb2 cxd4 9. exd4 Be7 10. Be2 O-O 11. O-O dxc4 12. bxc4 Nxd4 13. Nxd4 Qxd4 14.
Nd5 Qc5 15. Nxe7+ Qxe7 16. Bf3 Qc7 17. Rfe1 Rd8 18. Be5 Qc5 19. Qb2 Ne8 20. Rad1 Rxd1 21. Rxd1 Qxc4 22. Rd8 Qa4 23. Bxg7 Qb5 24. Qxb5 axb5 25.
Bh6 f5 26. Rxe8+ Kf7 27. Bh5+ Kf6 28. f4 b6 29. Bg5+ Kg7 30. Re7+ Kg8 31. Re8+ Kg7 32. Bf3 Rb8 33. Bh4 Kf7 34. Rd8 b4 35. Be1 1-0

[Event "*** SCC Grand Prix: Titled Tuesday Blitz"]
[Site "Chess.com"]
[Date "2020.06.23"]
[Round "4"]
[White "Resignify"]
[Black "Unknown_IM"]
[Result "0-1"]
[WhiteElo "2143"]
[BlackElo "2387"]
[TimeControl "180+1"]
[EndTime "10:39:28 PDT"]
[Termination "Unknown_IM won on time"]

1. Nf3 Nf6 2. g3 d5 3. Bg2 c5 4. d3 Nc6 5. Nbd2 Bf5 6. O-O e6 7. Qe1 Be7 8. e4 Bg6 9. c3 O-O 10. Qe2 dxe4 11. dxe4 Nd7 12. Nc4 b5 13. Na3 a6 14.
Rd1 Qc7 15. Bf4 Qb7 16. h4 h6 17. Rd2 Rfd8 18. Rad1 Nb6 19. Rxd8+ Rxd8 20. Rxd8+ Bxd8 21. Bd6 Be7 22. Bxe7 Qxe7 23. Nd2 e5 24. Bh3 Qd6 25. Nc2 Na4 26. Ne3 Nxb2 27. Nd5 Ne7 28. Nxe7+ Qxe7 29. Nb3 Nc4 30. Qd3 Qd6 31. Qxd6 Nxd6 32.
Nxc5 Nxe4 33. Nxa6 Nxc3 34. Nc7 Bd3 35. Bf1 Bxf1 36. Kxf1 b4 37. Nd5 Nxd5 0-1

[Event "*** SCC Grand Prix: Titled Tuesday Blitz"]
[Site "Chess.com"]
[Date "2020.06.23"]
[Round "4"]
[White "Rodalquilar"]
[Black "realmadridtv"]
[Result "0-1"]
[WhiteElo "2629"]
[BlackElo "2463"]
[TimeControl "180+1"]
[EndTime "10:39:30 PDT"]
[Termination "realmadridtv won by checkmate"]

1. d4 Nf6 2. c4 g6 3. Nc3 d5 4. cxd5 Nxd5 5. Bd2 Bg7 6. e4 Nxc3 7. Bxc3 O-O 8. Qd2 c5 9. d5 Bxc3 10. bxc3 e6 11.
d6 Nc6 12. h4 f5 13. Nf3 Qf6 14. Bb5 Bd7 15. Bxc6 Bxc6 16. e5 Qg7 17. Qf4 Bxf3 18. gxf3 h5 19. Rg1 Kh7 20. O-O-O Qd7 21. Rxg6 Kxg6 22.
Rg1+ Kh7 23. Qg5 Qf7 24. Rd1 Rg8 25. Qe3 b6 26. f4 Rad8 27. Qf3 Rd7 28. Qc6 Qg7 29. f3 Rgd8 30. Kb2 Qg3 31. Qb5 Qxf4 32. Qe2 Rg8 33. Qb5 Rgg7 34. Qe2 Qg3 35. Kb3 b5 36. a4 bxa4+ 37. Kxa4 Qf4+ 38. Kb5 Rb7+ 39. Kc6 Qa4+ 40. Kxc5 Rgc7+ 41. dxc7 Rxc7+ 42. Kd6 Qc6# 0-1

[Event "*** SCC Grand Prix: Titled Tuesday Blitz"]
[Site "Chess.com"]
[Date "2020.06.23"]
[Round "4"]
[White "budda"]
[Black "Sashadav97"]
[Result "0-1"]
[WhiteElo "2333"]
[BlackElo "2607"]
[TimeControl "180+1"]
[EndTime "10:39:32 PDT"]
[Termination "Sashadav97 won by resignation"]

1. e4 c5 2. Nf3 Nc6 3. d4 cxd4 4. Nxd4 Nf6 5. Nxc6 bxc6 6. Nc3 d5 7. Bd3 g6 8.
O-O Bg7 9. Qe1 O-O 10. f4 Rb8 11. Kh1 e6 12. f5 dxe4 13. Nxe4 exf5 14. Nxf6+ Qxf6 15. c3 Be6 16. Be3 Bd5 17. Rf2 Rfe8 18. Qd2 Qe7 19. Bg5 Qd7 20. Bf1 Re4 21. Rd1 Qe8 22. Bd3 Re6 23. Qf4 Bxa2 24. Qg3 Bd5 25. h4 Bb3 26. Rdf1 h6 27. Bc1 h5 28. Re2 Rxe2 29. Bxe2 Rd8 30. Bf3 Qe5 31. Qg5 Bf6 32.
Qh6 Bc4 33. Rg1 Qg3 34. Qf4 Bxh4 35. Qxg3 Bxg3 36. Bxc6 f4 37. Bf3 Kg7 38. Rd1 Re8 39. b3 Bxb3 40. Rf1 Bc4 41. Rd1 g5 42. Bxh5 Rh8 0-1

[Event "*** SCC Grand Prix: Titled Tuesday Blitz"]
[Site "Chess.com"]
[Date "2020.06.23"]
[Round "4"]
[White "crossingthestreet"]
[Black "KejJaj"]
[Result "1-0"]
[WhiteElo "2385"]
[BlackElo "2008"]
[TimeControl "180+1"]
[EndTime "10:39:32 PDT"]
[Termination "crossingthestreet won on time"]

1. d4 f5 2. Bg5 h6 3. Bh4 c5 4. e3 Qb6 5. Nc3 cxd4 6. exd4 g5 7. Bg3 f4 8. Qh5+ Kd8 9. O-O-O fxg3 10. hxg3 Nf6 11. Qe2 e6 12. Nf3 Nc6 13. Ne5 Nxe5 14.
dxe5 Ng8 15. f4 Be7 16. Qd3 gxf4 17. gxf4 Qf2 18. g3 b6 19. Rd2 Qe1+ 20. Rd1 Qf2 21. Rd2 Qc5 22. Bg2 Rb8 23. Qg6 Bf8 24. Rhd1 Qe7 25.
Ne4 Qe8 26. Qg4 Be7 27. Qg7 Nf6 28. exf6 Rg8 29. Qh7 Bb4 30. f7 Bxd2+ 31. Rxd2 Rf8 32. fxe8=Q+ Rxe8 33. Nf6 Re7 34. Qh8+ Kc7 35. Qxh6 Ba6 36. Qg5 Rf7 37. Qe5+ 1-0

[Event "*** SCC Grand Prix: Titled Tuesday Blitz"]
[Site "Chess.com"]
[Date "2020.06.23"]
[Round "4"]
[White "Anuar_Is"]
[Black "OhanyanEminChess"]
[Result "1-0"]
[WhiteElo "2843"]
[BlackElo "2526"]
[TimeControl "180+1"]
[EndTime "10:39:33 PDT"]
[Termination "Anuar_Is won by resignation"]

1. e4 e5 2. Nf3 Nc6 3. Bb5 f5 4. d3 fxe4 5. dxe4 Nf6 6. Qd3 Bc5 7. Nc3 d6 8. Bg5 O-O 9. O-O-O Bxf2 10. Bxc6 bxc6 11.
Rhf1 Bb6 12. Qc4+ Kh8 13. Nxe5 Qe8 14. Bxf6 gxf6 15. Nxc6 Be6 16. Nd5 Qh5 17. Qc3 Qg5+ 18. Kb1 Kg7 19. a4 a5 20. g3 Rac8 21. Nce7 Rce8 22.
Nf5+ Kg8 23. Nxb6 cxb6 24. Nxd6 Rd8 25. Nb5 Rxd1+ 26. Rxd1 f5 27. Qe5 Bf7 28. Rf1 Qg4 29. Qxf5 Ba2+ 30. Kxa2 Rxf5 31. Rxf5 Qxe4 32. Rf4 Qxc2 33.
h4 h5 34. Nc3 Qg2 35. Rf5 Qc6 36. Rxh5 Qc4+ 37. Ka1 Qf1+ 38. Nb1 Qc4 39. Rg5+ Kh7 40. Nc3 Qf1+ 41. Ka2 Qc4+ 42. Kb1 Qd3+ 43. Kc1 Qe3+ 44. Kc2 Qf2+ 45. Kb3 Qf7+ 46. Rd5 Qf3 47. Ka2 Qxg3 48.
Rh5+ Kg6 49. Rg5+ Qxg5 50. hxg5 Kxg5 51. Nd5 b5 52. axb5 1-0

[Event "*** SCC Grand Prix: Titled Tuesday Blitz"]
[Site "Chess.com"]
[Date "2020.06.23"]
[Round "4"]
[White "kleopl"]
[Black "Fusikk"]
[Result "1-0"]
[WhiteElo "2409"]
[BlackElo "2541"]
[TimeControl "180+1"]
[EndTime "10:39:33 PDT"]
[Termination "kleopl won by resignation"]

1. c4 e6 2. Nc3 d5 3. d4 Nf6 4.
cxd5 exd5 5. Bg5 c6 6. e3 Nbd7 7. Bd3 Be7 8. Nf3 O-O 9. O-O Re8 10. Rb1 Ne4 11. Bxe7 Qxe7 12. Qc2 a5 13. a3 Ndf6 14. b4 axb4 15. axb4 Nxc3 16. Qxc3 Ne4 17.
Bxe4 dxe4 18. Ne5 f6 19. Nc4 Be6 20. b5 Ra4 21. Nd2 Bd5 22. bxc6 bxc6 23. Ra1 Rea8 24. Rxa4 Rxa4 25. Ra1 Qa7 26. Rxa4 Qxa4 27. Qc1 Qa2 28. g3 h5 29. h4 Kh7 30. Kg2 Kg6 31. Nb1 Qe2 32. Nc3 Qf3+ 33. Kg1 Be6 34. Qd1 Qxd1+ 35.
Nxd1 Kf7 36. Nc3 f5 37. Kf1 Ke7 38. Ke2 Kd6 39. Na4 Kd5 40. Kd2 Kc4 41. Nc5 Bf7 42. Nd7 Be6 43. Ne5+ Kd5 44. Ng6 Bf7 45. Ne7+ Ke6 46. Nxc6 Kd6 47. Ne5 Be8 48. Kc3 Kd5 49.
Kb4 Kd6 50. Kc4 Ba4 51. Nf7+ Ke7 52. Ne5 Kd6 53. Kb4 Be8 54. Nc4+ Kd5 55. Nd2 Bd7 56. Nb1 Be8 57. Nc3+ Kc6 58. Kc4 Kd6 59. d5 Bd7 60.
Kd4 Be8 61. Ne2 Bf7 62. Nf4 Be8 63. Ne6 g6 64. Nc5 Bf7 65. Nb7+ Kc7 66. Na5 Kd6 67. Nc4+ Ke7 68. Ke5 Be8 69. d6+ Kf7 70. Nb6 Bb5 71. Kd5 1-0

[Event "*** SCC Grand Prix: Titled Tuesday Blitz"]
[Site "Chess.com"]
[Date "2020.06.23"]
[Round "4"]
[White "amintabatabaei"]
[Black "dey2580"]
[Result "1-0"]
[WhiteElo "2811"]
[BlackElo "2547"]
[TimeControl "180+1"]
[EndTime "10:39:35 PDT"]
[Termination "amintabatabaei won by resignation"]

1. e4 d5 2. exd5 Qxd5 3. Nc3 Qd6 4. d4 Nf6 5. Nf3 a6 6. g3 Bg4 7. h3 Bh5 8. Bg2 Nc6 9. d5 Nb4 10. Bf4 Bxf3 11. Qxf3 e5 12. dxe6 Qxe6+ 13. Kf1 Be7 14. Re1 Qd7 15. Qxb7 O-O 16. Qxc7 Ra7 17. Qxd7 Rxd7 18. Re2 Bc5 19. a3 Nbd5 20. Nxd5 Nxd5 21.
Bd2 Bd4 22. c3 Bf6 23. Bf3 Nb6 24. Kg2 h6 25. b3 g5 26. c4 Rd3 27. c5 Nd7 28. c6 Ne5 29. Be4 Rxb3 30. Bb4 Rc8 31. Rc1 a5 32. Bd6 Nd3 33. Rcc2 Kg7 34. Bf5 Rd8 35.
c7 Rxd6 36. c8=Q Ne5 37. Qc5 Rd1 38. Rxe5 Rbb1 39. Re8 Rg1+ 40. Kf3 Rb3+ 41. Ke2 Bd4 42. Qxd4+ 1-0

[Event "*** SCC Grand Prix: Titled Tuesday Blitz"]
[Site "Chess.com"]
[Date "2020.06.23"]
[Round "4"]
[White "verdest"]
[Black "Raja3401"]
[Result "0-1"]
[WhiteElo "2546"]
[BlackElo "2798"]
[TimeControl "180+1"]
[EndTime "10:39:36 PDT"]
[Termination "Raja3401 won on time"]

1. d4 Nf6 2. c4 e6 3. Nf3 d5 4. Nc3 c6 5. Qc2 dxc4 6. e4 b5 7. a4 a6 8. axb5 cxb5 9. Nxb5 axb5 10. Rxa8 Bb7 11. Ra1 Bxe4 12. Qd1 Nc6 13. Be2 Bb4+ 14. Bd2 O-O 15. O-O Bxd2 16. Qxd2 Bxf3 17. Bxf3 Nxd4 18.
Qc3 b4 19. Qxc4 Nxf3+ 20. gxf3 Nd5 21. Kh1 Qf6 22. Qe4 Qxb2 23. Ra7 Qf6 24. Rg1 b3 25. Rb7 b2 26. Rb1 Nc3 27. Qb4 Qxf3+ 28. Kg1 Nxb1 29.
Rb8 Qd1+ 30. Kg2 Qd5+ 31. Kg1 Rd8 32. Qb6 Qg5+ 33. Kh1 Qc1+ 34. Kg2 Qg5+ 35. Kh1 Rf8 36. Qb4 Qc1+ 37. Kg2 Qc6+ 38. Kg1 Re8 0-1

[Event "*** SCC Grand Prix: Titled Tuesday Blitz"]
[Site "Chess.com"]
[Date "2020.06.23"]
[Round "4"]
[White "doctorcristian"]
[Black "queen_iryna"]
[Result "1-0"]
[WhiteElo "2432"]
[BlackElo "2248"]
[TimeControl "180+1"]
[EndTime "10:39:36 PDT"]
[Termination "doctorcristian won by resignation"]

1. d4 d5 2. Bf4 Nf6 3. Nc3 c6 4.
e3 Bf5 5. f3 Qb6 6. Na4 Qa5+ 7.
c3 e6 8. g4 Bg6 9. h4 h6 10. h5 Bh7 11. b4 Qd8 12. Nh3 Bd6 13. Be2 Bxf4 14. Nxf4 Nbd7 15. O-O e5 16. Ng2 O-O 17.
Nc5 Nxc5 18. bxc5 Re8 19. Re1 Nd7 20. Bd3 e4 21. Be2 exf3 22. Bxf3 Be4 23. Bxe4 Rxe4 24. Rf1 Qg5 25. Rf4 Rae8 26. Qf3 Qe7 27. Rf1 Nf6 28. Kh2 Qe6 29. Kg3 Qe7 30. Rxf6 gxf6 31. Qxf6 Qxf6 32. Rxf6 Kg7 33. Rf2 b6 34. cxb6 axb6 35. Rb2 b5 36. Kf3 Ra8 37. Nf4 Re7 38. Nd3 Rea7 39. Nb4 Ra3 40. Rc2 Rc8 41. Nd3 Kf6 42. Ne5 Rca8 43.
Nxc6 Rxa2 44. Rxa2 Rxa2 45. Nb4 Ra3 46. Nxd5+ Ke6 47.
Nc7+ Kd6 48. Nxb5+ 1-0

[Event "*** SCC Grand Prix: Titled Tuesday Blitz"]
[Site "Chess.com"]
[Date "2020.06.23"]
[Round "4"]
[White "DonBroca"]
[Black "Irochka83"]
[Result "0-1"]
[WhiteElo "2134"]
[BlackElo "2384"]
[TimeControl "180+1"]
[EndTime "10:39:36 PDT"]
[Termination "Irochka83 won by checkmate"]

1. d4 c5 2. d5 e5 3. c4 d6 4.
e4 Be7 5. Nc3 Bg5 6. Nf3 Bxc1 7.
Qxc1 Ne7 8. Bd3 O-O 9. O-O f5 10. exf5 Bxf5 11. Bxf5 Nxf5 12. Ne4 h6 13. a3 Nd7 14. g4 Nh4 15. Nxh4 Qxh4 16. f3 Nf6 17. Nxd6 e4 18. Nf5 Qh3 19. Qe3 exf3 20. Qxf3 Qxf3 21. Rxf3 Nxg4 22. Raf1 Kh7 23. d6 Rad8 24. Kg2 Rxf5 25. Rxf5 Ne3+ 26. Kg3 Nxf1+ 27. Rxf1 Rxd6 28. Rf5 Rb6 29.
Rf2 Rb3+ 30. Kg2 a5 31. Rc2 Kg6 32. Kf2 Kf5 33. Ke2 g5 34. Kf2 Kg4 35. Kg2 h5 36. Kg1 Kh3 37. Kh1 g4 38. Kg1 h4 39. Kh1 g3 40. hxg3 hxg3 41. Kg1 Rd3 42. Rc1 Rd2 43.
b4 axb4 44. axb4 cxb4 45. c5 b3 46. c6 bxc6 47. Rxc6 Rd1# 0-1

[Event "*** SCC Grand Prix: Titled Tuesday Blitz"]
[Site "Chess.com"]
[Date "2020.06.23"]
[Round "4"]
[White "Chernobay_Artem"]
[Black "albano87"]
[Result "0-1"]
[WhiteElo "2595"]
[BlackElo "2367"]
[TimeControl "180+1"]
[EndTime "10:39:37 PDT"]
[Termination "albano87 won by resignation"]

1. e4 c5 2. Nf3 Nc6 3. Bb5 d6 4. O-O Bd7 5. Re1 Nf6 6. c3 a6 7. Ba4 b5 8. Bc2 Rc8 9. h3 e5 10. d3 Be7 11. Nbd2 O-O 12. Nf1 h6 13. Ne3 Be6 14. a4 b4 15. Bb3 Na5 16. Bxe6 fxe6 17.
Bd2 bxc3 18. Bxc3 Rb8 19. Nc4 Nc6 20. a5 Qe8 21. Qa4 Nh5 22. Nfd2 Nf4 23. Re3 Qg6 24.
Rg3 Ne2+ 25. Kh2 Nxg3 26. fxg3 Qe8 27. Nb6 Bd8 28. Ndc4 Bc7 29. Qd1 Nd4 30. Bxd4 exd4 31. Qg4 Rf2 32. Re1 h5 33. Qg5 Qf7 34. Kh1 Rf8 35. g4 Rf1+ 36. Rxf1 Qxf1+ 37. Kh2 d5+ 38. Ne5 dxe4 39. gxh5 Rf5 0-1

[Event "*** SCC Grand Prix: Titled Tuesday Blitz"]
[Site "Chess.com"]
[Date "2020.06.23"]
[Round "4"]
[White "A-Fier"]
[Black "kirillshevchenko"]
[Result "1-0"]
[WhiteElo "2761"]
[BlackElo "2917"]
[TimeControl "180+1"]
[EndTime "10:39:38 PDT"]
[Termination "A-Fier won by resignation"]

1. d4 f5 2. Nc3 Nf6 3. Bg5 d5 4. e3 e6 5. Nf3 c6 6. Bd3 Bd6 7.
O-O O-O 8. Ne2 Bd7 9. c4 h6 10. Bf4 Be8 11. Bxd6 Qxd6 12. Ne5 Nbd7 13. cxd5 exd5 14.
f4 Ne4 15. Nc3 Ndf6 16. Nxe4 fxe4 17. Be2 a5 18. Rc1 Bd7 19. Qc2 Rfc8 20. Qc5 Qxc5 21. Rxc5 b6 22. Rc3 c5 23. Rfc1 c4 24. Nxd7 Nxd7 25. Bg4 Nf6 26. Bxc8 Rxc8 27. a4 Ne8 28. b3 Nd6 29. bxc4 Nxc4 30. Rb1 Kf7 31. Rb5 Ke6 32.
g4 Kd6 33. Kf2 Kc6 34. h4 g6 35. Kg3 Rf8 36. Rb1 Rf7 37. Rf1 b5 38. axb5+ Kxb5 39. Rb1+ Kc6 40. Rb8 Ra7 41. Rc8+ Kb5 42. Rb3+ Ka4 43.
Rcb8 Rc7 44. f5 gxf5 45. gxf5 Rf7 46. Kf4 Nd6 47. Ke5 Nc4+ 48. Kxd5 Nd2 49. Rb2 Rxf5+ 50.
Ke6 1-0

[Event "*** SCC Grand Prix: Titled Tuesday Blitz"]
[Site "Chess.com"]
[Date "2020.06.23"]
[Round "4"]
[White "mamey78"]
[Black "Stronger1799"]
[Result "1-0"]
[WhiteElo "2341"]
[BlackElo "2476"]
[TimeControl "180+1"]
[EndTime "10:39:38 PDT"]
[Termination "mamey78 won by resignation"]

1. e4 c5 2. Nf3 e6 3. c3 d5 4. exd5 exd5 5. d4 Nc6 6. Bb5 Bd6 7. O-O Ne7 8. dxc5 Bxc5 9. Nbd2 O-O 10. Nb3 Bb6 11.
Bd3 Nf5 12. Bf4 Qf6 13. Qd2 Nd6 14. Ng5 g6 15. Rfe1 h6 16. Nf3 Ne4 17. Bxe4 dxe4 18. Rxe4 Bf5 19. Ree1 Rad8 20. Qc1 g5 21. Bg3 Bg4 22.
Nbd2 Rd3 23. Ne4 Qg6 24. Ne5 Nxe5 25. Bxe5 f6 26. Bd4 Bxd4 27. cxd4 Rxd4 28. Nc5 Rc8 29.
Qe3 Rb4 30. b3 b6 31. Ne4 Rd8 32. h3 Bf5 33. Ng3 Bc8 34. Rac1 Rbd4 35. Rxc8 Rxc8 36. Qe6+ Qf7 37. Qxc8+ Kg7 38. Nf5+ Kg6 39. Nxd4 1-0

[Event "*** SCC Grand Prix: Titled Tuesday Blitz"]
[Site "Chess.com"]
[Date "2020.06.23"]
[Round "4"]
[White "leoduarte"]
[Black "angryhorse9"]
[Result "0-1"]
[WhiteElo "2272"]
[BlackElo "2447"]
[TimeControl "180+1"]
[EndTime "10:39:38 PDT"]
[Termination "angryhorse9 won on time"]

1. e4 c5 2. Nf3 Nc6 3. d4 cxd4 4.
Nxd4 Nf6 5. Nc3 d6 6. g3 Bg4 7. f3 Bd7 8. Bg2 g6 9. O-O Bg7 10. Nb3 O-O 11. Kh1 Rc8 12. f4 Be6 13. Nd5 Re8 14.
c3 Na5 15. Nd4 Bd7 16. Rb1 Nc6 17. Be3 Nxd4 18. Bxd4 Nxd5 19. exd5 Bxd4 20. Qxd4 Qa5 21. a3 Qb5 22. Rfe1 Bf5 23. Be4 Rc4 24. Qd3 Bxe4+ 25. Rxe4 Rec8 26. Rxc4 Qxc4 27. Qxc4 Rxc4 28. Rd1 Kf8 29.
Kg2 h5 30. Kf3 Ke8 31. Ke3 Kd7 32. Kd3 Rc8 33. c4 Rg8 34. Ke4 g5 35. f5 f6 36.
b3 Rh8 37. h3 Rb8 38. b4 Kc7 39. Kd4 a5 40. Re1 Kd7 41. c5 axb4 42. axb4 Ra8 43. Re6 dxc5+ 44. bxc5 Ra4+ 0-1

[Event "*** SCC Grand Prix: Titled Tuesday Blitz"]
[Site "Chess.com"]
[Date "2020.06.23"]
[Round "4"]
[White "GianmarcoVaR"]
[Black "Ashedu66"]
[Result "0-1"]
[WhiteElo "2376"]
[BlackElo "2160"]
[TimeControl "180+1"]
[EndTime "10:39:38 PDT"]
[Termination "Ashedu66 won on time"]

1. e4 e5 2. Nf3 Nc6 3. Bb5 Nge7 4. O-O g6 5. c3 Bg7 6. d4 exd4 7. cxd4 d5 8. exd5 Nxd5 9. Re1+ Be6 10. Bg5 Qd6 11.
Nc3 O-O 12. Ne4 Qb4 13. Bxc6 bxc6 14. Qd2 Qxd2 15. Nfxd2 Bxd4 16. Rab1 Rfe8 17. h3 f6 18. Nf3 Bb6 19. Nxf6+ Nxf6 20. Bxf6 Kf7 21. Bd4 Bf5 22.
Rxe8 Rxe8 23. Rc1 Re2 24. Rxc6 Bd7 25. Rc1 c6 26. Rd1 Be6 27. a3 Bxd4 28. Rxd4 Rxb2 29. Ng5+ Kf6 30. Nxh7+ Ke5 31. Ra4 Rb7 32. Ng5 Bd5 33. f4+ Kd6 34. Kf2 c5 35. Ra6+ Kc7 36. Rxg6 c4 37. Rg7+ Kd6 38. Rxb7 Bxb7 0-1